 Dungeon Crawl Stone Soup version 0.32-a0-616-g9348d4545b (webtiles) character file.

Game seed: 7769170027455210822

6778 cforsyth the Reanimator (level 10, -1/91 HPs)
             Began as a Mountain Dwarf Necromancer on Mar 6, 2024.
             Slain by a komodo dragon (18 damage)
             ... on level 9 of the Dungeon.
             The game lasted 00:27:59 (15415 turns).

cforsyth the Reanimator (MDNe)                     Turns: 15415, Time: 00:28:00

Health: -1/91      AC: 21    Str: 17    XL:     10   Next: 76%
Magic:  12/12      EV:  8    Int: 17    God:
Gold:   338        SH:  5    Dex: 18    Spells: 7/12 levels left

rFire   + . .        R - +5 morningstar
rCold   . . .        (no shield)
rNeg    + . .        O - +2 chain mail {rF+}
rPois   .            q - +0 helmet
rElec   .            I - +0 cloak
rCorr   .            y - +0 pair of gloves
SInv    .            J - +2 pair of boots "Xusar" {Str+3 Dex+2}
Will    +....        A - amulet of reflection Stlth
                     D - +6 ring of dexterity
HPRegen 0.35/turn    N - ring of positive energy
MPRegen 0.13/turn

%: reflection
@: no status effects
A: runic magic, artefact enchanting
a: no special abilities


You were on level 9 of the Dungeon.
You visited 2 branches of the dungeon, and saw 11 of its levels.

You collected 585 gold pieces.
You spent 247 gold pieces at shops.


Innate Abilities, Weirdness & Mutations

Your spellcasting is much less encumbered by armour.
You can use scrolls of enchantment on lesser artefacts.


   Skills:
 + Level 9.5 Fighting
 - Level 8.3 Axes
 + Level 9.3 Armour
 - Level 1.3 Dodging
 - Level 1.4 Stealth
 - Level 1.7 Spellcasting
 + Level 10.5 Necromancy


You had 7 spell levels left.
You knew the following spells:

 Your Spells              Type           Power      Damage    Failure   Level
a - Animate Dead          Necr           37%        N/A       4%          4
X - Necrotise             Necr           100%       1d9       1%          1

Your spell library contained the following spells:

 Spells                   Type           Power      Damage    Failure   Level
 Vampiric Draining        Necr           37%        2d8       1%          3
 Kiss of Death            Conj/Necr      76%        2d11      3%          1
 Dispel Undead            Necr           37%        3d15      4%          4
 Curse of Agony           Necr           37%        N/A       12%         5
 Mercury Vapours          Alch/Air       2%         N/A       43%         2
 Momentum Strike          Conj/Tloc      2%         3d8       43%         2
 Scorch                   Fire           2%         2d5       43%         2
 Confusing Touch          Hex            1%         N/A       67%         3
 Ozocubu's Armour         Ice            1%         N/A       67%         3
 Metabolic Englaciation   Hex/Ice        0%         N/A       100%        5
 Sculpt Simulacrum        Ice/Alch       0%         N/A       100%        6
 Chain Lightning          Conj/Air       0%         2d1       100%        9
 Fire Storm               Conj/Fire      0%         6d1       100%        9
 Shatter                  Erth           0%         3d5*      100%        9

Inventory:

Hand Weapons
 E - a +1 falchion of flaming
 G - a +0 war axe
 Q - a +3 hand axe of freezing
 R - a +5 morningstar (weapon)
Armour
 q - a +0 helmet (worn)
 y - a +0 pair of gloves (worn)
 I - a +0 cloak (worn)
 J - the +2 pair of boots "Xusar" (worn) {Str+3 Dex+2}
   (You bought it in a shop on level 1 of the Dungeon)

   Str+3:     It affects your strength (+3).
   Dex+2:     It affects your dexterity (+2).
 O - a +2 chain mail of fire resistance (worn)
Jewellery
 n - a ring of positive energy
 v - a ring of see invisible
 A - an amulet of reflection (around neck)
 C - a ring of ice
 D - a +6 ring of dexterity (left hand)
 F - the ring of the Furies {Fire +Blink Int+2 Stlth+}
   (You found it on level 6 of the Dungeon)

   [ring of fire]

   Fire:      It enhances your fire magic.
   Int+2:     It affects your intelligence (+2).
   rF+:       It protects you from fire.
   rC-:       It makes you vulnerable to cold.
   +Blink:    It lets you blink.
   Stlth+:    It makes you more stealthy.
 N - a ring of positive energy (right hand)
 S - a ring of positive energy
 Z - a ring of wizardry
Wands
 f - a wand of charming (5)
 h - a wand of quicksilver (1)
 B - a wand of flame (35)
 P - a wand of digging (6)
Scrolls
 c - 2 scrolls of revelation
 e - 2 scrolls of poison
 g - a scroll of enchant weapon {unknown}
 k - 2 scrolls of amnesia
 m - 2 scrolls of fear
 p - a scroll of immolation {unknown}
 r - 6 scrolls of teleportation {@r2}
 s - 2 scrolls of fog {unknown}
 t - a scroll of silence {!r}
 u - a scroll of brand weapon
 x - 2 scrolls of vulnerability
 z - a scroll of acquirement {unknown}
Potions
 a - 3 potions of curing {@q1}
 b - 2 potions of magic
 d - 2 potions of cancellation
 i - 3 potions of mutation
 j - 2 potions of brilliance
 l - 3 potions of enlightenment
 o - 2 potions of resistance
 w - a potion of attraction
 H - 3 potions of heal wounds {@q2}
 K - a potion of ambrosia
 L - a potion of might {unknown}
 M - a potion of degeneration {unknown}
 T - 2 potions of haste {unknown}

Dungeon Overview and Level Annotations

Branches:
Dungeon (10/15)            Temple (1/1) D:4
   Lair: D:8-11         Orc: D:9-12

Altars:
Ashenzari
Cheibriados
Dithmenos
Elyvilon
Fedhas
Gozag
Hepliaklqana
Kikubaaqudgha
Makhleb
Nemelex Xobeh
Okawaru
Qazlal
Ru
Sif Muna
Trog
Uskayaw
Vehumet
Wu Jian
Xom
Zin

Shops:
D:1 [   D:4 ?   D:9 *

Annotations:
D:6 Jeremiah
D:10 Lodul, Urug

........'..####......####.##....#
.)>.....#### #......'....####'##
.[......# #......###### #.#
#####'### ##'##### #.# #.# #.#
##.# ##.# #.# #..# #..# #.# #.##
####'## #l## #.# #.....# #@.#
###.# '.....# ##.# #...# #.....#
#.# #.### #.....# #.# ######.#
#.....# #.####......# #.....#
#.##........# ####'##
#.##..▓.#...# #.## #.##.▓...#.##
#..# #####'##...∩...######


You could see a komodo dragon.


Message History

a +0 robe; a +0 dagger; an orc skeleton The komodo dragon attacks as it pursues you!
You block the komodo dragon's attack.
There is a stone staircase leading up here.
The komodo dragon bites you!
You climb upwards.
There is a stone staircase leading down here.
You barely miss the komodo dragon. The komodo dragon bites you.
You barely miss the komodo dragon.
The komodo dragon bites you but does no damage. x2
You barely miss the komodo dragon. The komodo dragon bites you!
* * * LOW HITPOINT WARNING * * *
You puncture the komodo dragon!
The komodo dragon is moderately wounded.
The komodo dragon closely misses you.
You barely miss the komodo dragon.
The komodo dragon is moderately wounded.
The komodo dragon bites you!
* * * LOW HITPOINT WARNING * * *
The komodo dragon bites you.
* * * LOW HITPOINT WARNING * * *
You sock the komodo dragon!
The komodo dragon is moderately wounded.
The komodo dragon bites you!
* * * LOW HITPOINT WARNING * * *
Aiming: Charm
Press: ? - help, Shift-Dir - straight line, f - komodo dragon
Aim: a komodo dragon (moderately wounded, chance to affect: 31%)
The komodo dragon easily resists.
The komodo dragon bites you!!
You die...

Skill      XL: |  1  2  3  4  5  6  7  8  9 10 |
---------------+-------------------------------+-----
Fighting       | 1 2 3 5 6 7 9 |  9.5
Axes           | 1 2 3 4 5 6 8 |  8.3
Armour         | 1 2 3 5 6 7 9 |  9.3
Necromancy     | 5 6 7 9 10 | 10.5
Dodging        | |  1.3
Stealth        | |  1.4
Spellcasting   | |  1.7

Action                     |  1- 3 |  4- 6 |  7- 9 | 10-12 || total
---------------------------+-------+-------+-------+-------++-------
  Melee: Unarmed           |     4 |       |       |       ||     4
         Hand axe          |    35 |    37 |   188 |       ||   260
         Falchion          |       |    14 |   182 |       ||   196
         Morningstar       |       |       |    17 |   148 ||   165
   Cast: Necrotise         |    97 |   124 |   107 |    24 ||   352
         Animate Dead      |       |       |     3 |     3 ||     6
  Evoke: Wand              |       |     2 |     4 |     1 ||     7
    Use: Scroll            |       |     8 |    11 |     1 ||    20
         Potion            |       |       |     2 |       ||     2
   Stab: Distracted        |       |       |       |     1 ||     1
 Armour: Robe              |     4 |       |       |       ||     4
         Chain mail        |    18 |    70 |   399 |   167 ||   654
         Plate armour      |    80 |       |       |       ||    80
  Dodge: Dodged            |    16 |    27 |   189 |    75 ||   307
  Block: Other             |       |     9 |    98 |    32 ||   139
         Reflection        |       |       |     3 |     2 ||     5

Levels and vault maps discovered:
D:1:      arrival_aquarium_a, layout_rooms, serial_shops, shop,
          minmay_tetromino_t2
D:2:      layout_loops_ring, uniq_crazy_yiuf_cottage, uniq_robin, uniq_jessica
D:3:      layout_loops_ring, nicolae_uskayaw_en_pointe, trog_wizard,
          gammafunk_temple_overflow_wave, nicolae_overflow_hidden_temple,
          minmay_pentomino_pile
D:4:      layout_cave_pods, xom_teletrap_fun, minmay_temple_entry_hall,
          nicolae_nh_oracle_at_delphi, uniq_blork_the_orc
D:5:      layout_loops_corners, mainiacjoe_overflow_chevrons,
          chequers_temple_overflow_minitemple, uniq_pikel
D:6:      layout_rooms, kennysheep_cluttered_room, grunt_decor_cap,
          patterned_corridor, uniq_sigmund, uniq_duvessa, uniq_jeremiah,
          uniq_menkaure
D:7:      nicolae_cairo_tiling_large, layout_loops_ring,
          kennysheep_generic_room_4
D:8:      layout_basic, grunt_gozag_breadcrumbs, nicolae_ashenzari_panopticon,
          zin_treasury, onia_ninara_dug_in_and_dangerous, uniq_psyche
D:9:      layout_roguey, nicolae_wu_jian_immortal_techniques,
          nicolae_dithmenos_through_a_glass_darkly,
          nicolae_shop_overcharged_wands, uniq_grum
D:10:     layout_rooms, kennysheep_ying_yang, nicolae_tso_swordbearing_angel,
          marbit_many_paths, nicolae_kikubaaqudgha_miasma_corner,
          grunt_lair_entry_orc_guard_hut, uniq_lodul, uniq_urug
Temple:   ebering_the_one_and_only

Notes
Turn   | Place    | Note
-------+----------+-------------------------------------------
     0 | D:1      | cforsyth the Mountain Dwarf Necromancer began the quest for
                  | the Orb.
     0 | D:1      | Reached XP level 1. HP: 14/14 MP: 3/3
     1 | D:1      | Noticed an electric eel
    84 | D:1      | Found Zoicwoh's Antique Armour Shoppe.
   217 | D:1      | You fall into a shaft and drop 1 floor!
   265 | D:2      | Reached skill level 1 in Fighting
   378 | D:1      | Reached XP level 2. HP: 23/23 MP: 1/4
   691 | D:2      | Noticed Jessica
   882 | D:2      | Noticed Robin
  1140 | D:1      | Reached skill level 1 in Axes
  1202 | D:1      | Reached XP level 3. HP: 20/28 MP: 0/5
  1262 | D:2      | Killed Robin
  1263 | D:2      | Reached skill level 1 in Armour
  1845 | D:2      | Found a runed translucent door.
  1846 | D:2      | Noticed Crazy Yiuf
  2280 | D:3      | Reached skill level 2 in Fighting
  2342 | D:3      | Noticed a +0 dagger
  2342 | D:3      | Noticed a +0 falchion
  2342 | D:3      | Noticed a +0 spear
  2343 | D:3      | Noticed a +0 short sword
  2343 | D:3      | Noticed a +0 dagger
  2343 | D:3      | Noticed a +0 short sword
  2343 | D:3      | Noticed a +0 spear
  2344 | D:3      | Noticed a +0 falchion
  2390 | D:3      | Found a hide-covered altar of Uskayaw.
  2625 | D:3      | Reached skill level 5 in Necromancy
  2638 | D:2      | Reached XP level 4. HP: 36/36 MP: 0/6
  2714 | D:3      | Reached skill level 2 in Axes
  3145 | D:3      | Found a snail-covered altar of Cheibriados.
  3297 | D:3      | Found a bloodstained altar of Trog.
  3387 | D:3      | Found a burning altar of Makhleb.
  3387 | D:3      | Found a shimmering blue altar of Sif Muna.
  3417 | D:3      | Noticed a wizard
  3422 | D:3      | Killed a wizard
  3568 | D:4      | Identified a potion of resistance
  3660 | D:4      | Noticed a kobold brigand
  3740 | D:4      | Killed a kobold brigand
  3741 | D:4      | Reached skill level 2 in Armour
  3741 | D:4      | Reached XP level 5. HP: 40/42 MP: 7/7
  4070 | D:4      | Noticed an ice beast
  4237 | D:4      | Found The Oracle's Delphic Readings.
  4318 | D:4      | Reached skill level 3 in Axes
  4353 | D:4      | Found a staircase to the Ecumenical Temple.
  4365 | D:4      | Reached skill level 3 in Fighting
  4376 | Temple   | Entered the Ecumenical Temple
  4647 | D:4      | Noticed Blork the orc
  4668 | D:4      | Killed Blork the orc
  4669 | D:4      | Reached XP level 6. HP: 38/51 MP: 1/8
  4811 | D:4      | Found a shimmering altar of Xom.
  5128 | D:5      | Entered Level 5 of the Dungeon
  5214 | D:5      | Reached skill level 3 in Armour
  5521 | D:5      | Found a sparkling altar of Nemelex Xobeh.
  5662 | D:5      | Reached skill level 4 in Axes
  5662 | D:5      | Reached skill level 6 in Necromancy
  5928 | D:5      | Reached XP level 7. HP: 58/58 MP: 4/9
  6043 | D:4      | Reached skill level 4 in Fighting
  6170 | D:5      | Reached skill level 4 in Armour
  6412 | D:5      | Learned a level 4 spell: Animate Dead
  6852 | D:5      | Noticed Pikel
  6868 | D:5      | Killed Pikel
  6869 | D:5      | Reached skill level 5 in Fighting
  6869 | D:5      | Reached skill level 5 in Axes
  6869 | D:5      | Reached skill level 5 in Armour
  6869 | D:5      | Reached skill level 7 in Necromancy
  6869 | D:5      | Reached XP level 8. HP: 21/68 MP: 3/10
  7189 | D:5      | Found a blossoming altar of Fedhas.
  7189 | D:5      | Found an iron altar of Okawaru.
  7196 | D:5      | Found a hazy altar of Hepliaklqana.
  7198 | D:5      | Found a sacrificial altar of Ru.
  7200 | D:5      | Found a faded altar of an unknown god.
  7714 | D:6      | Noticed Duvessa
  7714 | D:6      | Noticed Dowan
  7810 | D:6      | Noticed Sigmund
  7820 | D:6      | Killed Sigmund
  7821 | D:6      | Reached skill level 6 in Axes
  7926 | D:6      | Killed Duvessa
  7938 | D:6      | Killed Dowan
  8040 | D:6      | Identified the ring of the Furies {Fire +Blink Int+2
                  | Stlth+}
  8325 | D:1      | Bought a pair of masterwork boots for 247 gold pieces
  8325 | D:1      | Identified the +2 pair of boots "Xusar" {Str+3 Dex+2} (You
                  | bought it in a shop on level 1 of the Dungeon)
  8372 | D:2      | Killed Jessica
  8401 | D:2      | Killed Crazy Yiuf
  8402 | D:2      | Reached skill level 6 in Fighting
  8539 | D:6      | Noticed Menkaure
  8552 | D:6      | Killed Menkaure
  8752 | D:6      | Reached skill level 6 in Armour
  9108 | D:6      | Identified a +1 robe of resistance
  9108 | D:6      | Noticed Jeremiah
  9406 | D:7      | Reached XP level 9. HP: 77/77 MP: 4/11
  9696 | D:7      | Reached skill level 8 in Necromancy
  9730 | D:7      | Reached skill level 7 in Axes
 10367 | D:8      | Found an opulent altar of Gozag.
 10635 | D:8      | Found a glowing silver altar of Zin.
 10837 | D:7      | Reached skill level 7 in Fighting
 11536 | D:7      | Reached skill level 7 in Armour
 11922 | D:8      | Noticed Psyche
 11937 | D:8      | Killed Psyche
 11938 | D:8      | Reached skill level 8 in Axes
 12126 | D:8      | Reached skill level 9 in Necromancy
 12166 | D:8      | Noticed a deep elf pyromancer
 12167 | D:8      | Noticed a cyclops
 12169 | D:8      | Noticed a cyclops
 12377 | D:8      | Found a broken altar of Ashenzari.
 12638 | D:8      | Noticed a troll
 12937 | D:8      | Got Continuing Incantation
 13017 | D:9      | Noticed Grum
 13045 | D:8      | Reached XP level 10. HP: 52/88 MP: 12/12
 13162 | D:9      | Killed Grum
 13163 | D:9      | Reached skill level 8 in Fighting
 13266 | D:9      | Found Xioham's Overcharged Wands.
 13492 | D:9      | Reached skill level 8 in Armour
 13622 | D:9      | Found an ornate altar of the Wu Jian Council.
 13852 | D:9      | HP: 1/90 [yak (13)]
 14309 | D:9      | Reached skill level 10 in Necromancy
 14356 | D:9      | Found a shadowy altar of Dithmenos.
 14413 | D:10     | Entered Level 10 of the Dungeon
 14465 | D:9      | Reached skill level 9 in Fighting
 14669 | D:10     | Found a radiant altar of Vehumet.
 14769 | D:10     | Found an ancient bone altar of Kikubaaqudgha.
 14825 | D:10     | Noticed Lodul
 15078 | D:10     | Reached skill level 9 in Armour
 15342 | D:10     | Found a white marble altar of Elyvilon.
 15372 | D:10     | Noticed Urug
 15415 | D:9      | Slain by a komodo dragon

Vanquished Creatures
  Pikel (D:5)
  Psyche (D:8)
  A troll (D:10)
  Sigmund (D:6)
  A wyvern (D:9)
  6 yaks
  Grum (D:9)
  Menkaure (D:6)
  2 water moccasins
  Duvessa (D:6)
  An orc warrior (D:9)
  An ice beast (D:7)
  3 black bears
  2 ogres
  2 wolves
  4 centaurs
  4 lemures
  A phantom (D:6)
  5 bullfrogs
  A kobold brigand (D:4)
  Blork the orc (D:4)
  2 scorpions
  17 wights
  Dowan (D:6)
  6 killer bees
  A howler monkey (D:8)
  Crazy Yiuf (D:2)
  7 orc priests
  A gnoll bouda (D:6)
  2 hounds
  A sleepcap (D:4)
  Jessica (D:2)
  3 iguanas
  9 orc wizards
  Robin (D:2)
  4 adders
  3 gnolls (D:6)
  3 white imps
  2 ufetubi (D:7)
  4 ribbon worms
  2 dart slugs
  23 orcs
  9 ball pythons
  8 endoplasms
  2 giant cockroaches
  13 goblins
  8 hobgoblins
  2 quokkas
  4 bats
  5 frilled lizards
  6 kobolds
  4 rats
196 creatures vanquished.

Vanquished Creatures (collateral kills)
  A komodo dragon (D:10)
  A bullfrog (D:7)
  An endoplasm (D:4)
  2 goblins
5 creatures vanquished.

Vanquished Creatures (others)
  An arcanist (D:3)
  A wight (D:8)
  A bullfrog zombie (D:10)
  3 orc zombies (D:8)
6 creatures vanquished.

Grand Total: 207 creatures vanquished

Table legend: (Time is in decaauts)
 A = Elapsed time spent in this place.
 B = Non-inter-level travel time spent in this place.
 C = Inter-level travel time spent in this place.
 D = Time resting spent in this place.
 E = Time spent auto-exploring this place.
 F = Levels seen in this place.
 G = Mean time per level.
                   A        B        C        D        E       F      G
               +--------+--------+--------+--------+--------+-----+--------+
         Total |  15548 |  14689 |    859 |   2407 |   9095 |  11 | 1413.5 |
       Dungeon |  15497 |  14639 |    858 |   2407 |   9048 |  10 | 1549.7 |
        Temple |     51 |     50 |      1 |      0 |     47 |   1 |   51.0 |
               +--------+--------+--------+--------+--------+-----+--------+

Top non-repeatable levels by time:
     D:7: 2398 daAuts
     D:5: 2172 daAuts
     D:8: 1790 daAuts
     D:4: 1719 daAuts
     D:6: 1589 daAuts
     D:3: 1589 daAuts
     D:2: 1387 daAuts
     D:9: 1139 daAuts
     D:1: 901 daAuts
    D:10: 810 daAuts
  Temple: 51 daAuts

Table legend:
 A = Non-vault XP
 B = Vault XP
 C = Vault XP percentage of total XP
 D = Non-vault monster count
 E = Vault monster count
 F = Vault count percentage of total count
                 A         B        C        D         E       F
            +---------+---------+-------+---------+---------+-------
      Total |    6491 |    3193 |  33.0 |     161 |      36 |  18.3
            +---------+---------+-------+---------+---------+-------
        D:1 |      10 |      16 |  61.5 |       6 |       9 |  60.0
        D:2 |      33 |     100 |  75.2 |      16 |       6 |  27.3
        D:3 |      51 |       7 |  12.1 |      24 |       3 |  11.1
        D:4 |     335 |     182 |  35.2 |      19 |       2 |   9.5
        D:5 |     427 |     607 |  58.7 |      12 |       1 |   7.7
        D:6 |     375 |     617 |  62.2 |       9 |       4 |  30.8
        D:7 |    1383 |       0 |   0.0 |      31 |       0 |   0.0
        D:8 |    1520 |     463 |  23.3 |      18 |       2 |  10.0
        D:9 |    1696 |     433 |  20.3 |      15 |       3 |  16.7
       D:10 |     661 |     768 |  53.7 |      11 |       6 |  35.3
            +---------+---------+-------+---------+---------+-------
